Rocket vs Condors
(R1)
Created - May 25, 2021 at 19:16
Goals
|
Rocket |
2 |
3 |
1 |
6 |
Condors |
2 |
0 |
0 |
2 |
|
Shots
|
Rocket |
13 |
14 |
8 |
35 |
Condors |
8 |
13 |
9 |
30 |
|
1st period
1. Condors , Nail Yakupov 5 (Tyler Bozak 11) at 7:17
2. Rocket , Nick Ritchie 2 (Peter Holland 2, Danton Heinen 3) at 7:48
3. Condors , Frederik Gauthier 3 (Kasperi Kapanen 3, Anton Slepyshev 10) at 10:44
4. Rocket , Mattias Tedenby 4 (Corey Trivino 5, Adrian Kempe 2) at 14:29
Penalties :
Tyler Bozak (Bak) for Hooking (Minor) at 0:22, Tyler Bozak (Bak) for Boarding (Minor) at 11:06, Kasperi Kapanen (Bak) for Holding (Minor) at 15:25
2nd period
5. Rocket , Corey Trivino 3 (Mattias Tedenby 6, Brian Dumoulin 4) at 7:44 (PP)
6. Rocket , Jakub Vrana 2 (Anthony Nigro 2, Andrei Mironov 4) at 17:02
7. Rocket , Jonathan Matsumoto 5 (Tom Wilson 5, Tyler Pitlick 5) at 18:46
Penalties :
Brett Lernout (Bak) for Interference (Minor) at 1:08, Corey Trivino (Lav) for Roughing (Minor) at 5:19, Zac Leslie (Bak) for Hooking (Minor) at 7:06, Dean Kukan (Lav) for Interference (Minor) at 19:51
3rd period
8. Rocket , Mattias Tedenby 5 (Adrian Kempe 3, Andrey Pedan 3) at 9:46
Penalties :
Tom Wilson (Lav) for Tripping (Minor) at 4:26, Andrey Pedan (Lav) for Interference (Minor) at 6:52, Tyler Pitlick (Lav) for Hooking (Minor) at 10:10, Brett Lernout (Bak) for Unsportsmanlike conduct (Minor) at 16:41
Goalie Stats
Jean-Francois Berube (Lav), 28 saves from 30 shots - (0.933), W, 6-1-0, 60:00 minutes
Ilya Samsonov (Bak), 29 saves from 35 shots - (0.829), L, 2-3-0, 60:00 minutes
Players Stats for Rocket
Player Name G A P +/- PIM S H SB GA TA FO MP PP MP PK MP
------------------------------------------------------------------------------------
Adrian Kempe 0 2 2 1 0 8 2 0 0 0 0/0 19:22 5:10 1:02
Alex Petrovic 0 0 0 2 0 3 4 2 1 0 0/0 26:14 6:14 4:33
Andrei Mironov 0 1 1 2 0 0 1 0 1 0 0/0 15:46 4:07 0:00
Andrey Pedan 0 1 1 2 2 0 0 0 0 0 0/0 11:19 0:00 0:33
Anthony Nigro 0 1 1 1 0 2 2 1 0 0 4/10 12:52 0:39 5:05
Brian Dumoulin 0 1 1 3 0 0 1 1 0 0 0/0 28:39 6:14 5:44
Corey Trivino 1 1 2 1 2 2 2 0 0 0 13/27 20:25 5:48 1:30
Danton Heinen 0 1 1 0 0 2 0 0 1 0 1/1 11:48 5:22 0:00
Dean Kukan 0 0 0 -1 2 2 0 4 0 1 0/0 17:24 0:00 4:22
Jakub Vrana 1 0 1 1 0 1 0 0 0 0 0/0 6:59 0:00 0:00
Jonathan Matsumoto 1 0 1 1 0 2 0 2 1 1 4/10 11:35 0:00 0:06
Mattias Tedenby 2 1 3 1 0 4 0 0 1 0 3/3 18:26 4:35 0:00
Nick Ritchie 1 0 1 0 0 2 0 1 0 0 0/1 15:00 4:20 3:00
Peter Holland 0 1 1 0 0 1 2 0 1 0 2/8 14:41 4:21 2:21
Tom Wilson 0 1 1 1 2 4 1 1 0 0 1/1 14:27 0:00 2:36
Ty Rattie 0 0 0 1 0 0 1 0 1 0 0/0 7:17 0:09 0:00
Tyler Pitlick 0 1 1 1 2 2 2 0 0 0 0/1 16:33 0:39 3:46
Viktor Loov 0 0 0 -2 0 0 0 2 0 0 0/0 21:13 4:07 4:14
Players Stats for Condors
Player Name G A P +/- PIM S H SB GA TA FO MP PP MP PK MP
------------------------------------------------------------------------------------
Adam Erne 0 0 0 0 0 1 0 0 0 0 0/0 6:09 0:05 0:00
Alex Tuch 0 0 0 -1 0 4 3 1 0 0 0/0 17:56 5:28 0:00
Anton Slepyshev 0 1 1 -1 0 1 1 0 0 0 0/2 14:20 4:10 0:00
Brett Lernout 0 0 0 -3 4 0 2 2 0 0 0/0 13:41 0:00 3:40
C.J Suess 0 0 0 0 0 0 0 0 0 0 0/0 5:38 0:00 0:00
Carl Gunnarsson 0 0 0 0 0 1 4 2 0 1 0/0 21:51 5:46 4:05
Chris Bigras 0 0 0 0 0 0 1 1 0 0 0/0 16:12 3:57 0:00
Christian Thomas 0 0 0 -1 0 1 0 0 0 1 0/0 11:41 0:05 0:58
Daniel Zaar 0 0 0 -1 0 4 3 0 0 2 1/1 14:11 0:00 3:07
Emil Djuse 0 0 0 0 0 0 0 1 0 0 0/0 9:04 0:00 1:06
Eric Gustafsson 0 0 0 0 0 3 1 1 0 0 0/0 24:20 3:57 6:21
Frederik Gauthier 1 0 1 -1 0 5 1 1 0 0 16/25 21:35 5:28 6:00
Gustav Olofsson 0 0 0 -3 0 0 0 0 0 1 0/0 14:27 0:00 1:30
Kasperi Kapanen 0 1 1 -1 2 1 2 1 0 0 0/0 14:26 4:10 0:00
Mark Jankowski 0 0 0 0 0 1 0 1 1 1 0/1 10:37 0:15 3:37
Nail Yakupov 1 0 1 -1 0 2 1 0 1 0 0/0 23:28 5:18 5:32
Stephane Da Costa 0 0 0 -1 0 2 1 0 0 0 3/7 10:23 0:00 0:00
Tyler Bozak 0 1 1 -1 4 3 1 1 0 0 14/26 18:30 4:10 1:28
Zac Leslie 0 0 0 0 2 1 2 0 0 1 0/0 20:51 5:45 4:00
3 Stars
1 - Mattias Tedenby (Lav)
2 - Corey Trivino (Lav)
3 - Adrian Kempe (Lav)
Power Play
Rocket - 1 on 7 Attempt(s) - 14.29%
Condors - 0 on 5 Attempt(s) - 0.00%
Penalty Kill
Rocket - 5 on 5 Attempt(s) - 100.00%
- Score 0 goal in Penalty Kill
Condors - 6 on 7 Attempt(s) - 85.71%
- Score 0 goal in Penalty Kill
Team Stat
Rocket - Hits : 18 - Faceoff Wins : 28 - Blocked Shots : 14 - Penalty Minutes : 10
Condors - Hits : 23 - Faceoff Wins : 34 - Blocked Shots : 12 - Penalty Minutes : 12
Official
Referees : Unknown
Linesman : Unknown
Game Notes
5:18 of 2nd period - Penalty Shot by Eric Gustafsson for Condors - Stopped by Jean-Francois Berube
Finance
Level 1 -- Attendance: 1972 (98.60%) -- Ticket Income $78,880
Level 2 -- Attendance: 1000 (100.00%) -- Ticket Income $20,000
Total Attendance: 2972 (99.07%)
Total Ticket Income: $98,880
Other Income: $4,944
Total Income: $103,824
Rocket
5 vs 5 Forward
Center Left Wing Right Wing Time % Phy DF OF
1 Corey Trivino Adrian Kempe Mattias Tedenby 40 0 2 3
2 Jonathan Matsumoto Tyler Pitlick Tom Wilson 30 0 2 3
3 Peter Holland Nick Ritchie Danton Heinen 20 0 2 3
4 Anthony Nigro Jakub Vrana Ty Rattie 10 0 3 2
5 vs 5 Defense
Defense Defense Time % Phy DF OF
1 Alex Petrovic Brian Dumoulin 40 1 2 2
2 Viktor Loov Dean Kukan 30 1 2 2
3 Andrei Mironov Andrey Pedan 20 1 2 2
4 Alex Petrovic Brian Dumoulin 10 1 2 2
PowerPlay Forward
Center Left Wing Right Wing Time % Phy DF OF
1 Corey Trivino Adrian Kempe Danton Heinen 60 0 1 4
2 Peter Holland Nick Ritchie Mattias Tedenby 40 0 1 4
PowerPlay Defense
Defense Defense Time % Phy DF OF
1 Brian Dumoulin Alex Petrovic 60 0 2 3
2 Viktor Loov Andrei Mironov 40 0 2 3
Penalty Kill 4 Players Forward
Center Wing Time % Phy DF OF
1 Anthony Nigro Tyler Pitlick 60 1 2 2
2 Corey Trivino Tom Wilson 40 1 2 2
Penalty Kill 4 Players Defense
Defense Defense Time % Phy DF OF
1 Dean Kukan Brian Dumoulin 60 1 2 2
2 Viktor Loov Alex Petrovic 40 1 2 2
Penalty Kill - 3 Players Forward
Forward Time % Phy DF OF
1 Corey Trivino 60 1 2 2
2 Anthony Nigro 40 1 2 2
Penalty Kill - 3 Players Defense
Defense Defense Time % Phy DF OF
1 Alex Petrovic Dean Kukan 60 1 2 2
2 Brian Dumoulin Viktor Loov 40 1 2 2
4 vs 4 Forward
Center Wing Time % Phy DF OF
1 Mattias Tedenby Tyler Pitlick 60 1 2 2
2 Tom Wilson Corey Trivino 40 1 2 2
4 vs 4 Defense
Defense Defense Time % Phy DF OF
1 Brian Dumoulin Alex Petrovic 60 1 2 2
2 Viktor Loov Dean Kukan 40 1 2 2
Last Minutes Offensive
Center Left Wing Right Wing Defense Defense
Mattias Tedenby Tyler Pitlick Tom Wilson Brian Dumoulin Alex Petrovic
Last Minutes Defensive
Center Left Wing Right Wing Defense Defense
Mattias Tedenby Tyler Pitlick Tom Wilson Brian Dumoulin Alex Petrovic
Goaltenders
Starting : Jean-Francois Berube
Backup : Joni Ortio
Extra Forwards
Normal : Tyler Pitlick, Mattias Tedenby, Corey Trivino - PP : Anthony Nigro, Mattias Tedenby - PK : Tom Wilson
Extra Defensemen
Normal : Alex Petrovic, Brian Dumoulin, Viktor Loov - PP : Alex Petrovic - PK : Alex Petrovic, Brian Dumoulin
Penalty Shots
Tyler Pitlick, Mattias Tedenby, Corey Trivino, Anthony Nigro, Tom Wilson
Scratches
Mason Appleton (Healthy), Guillaume Brisebois (Healthy), Tyler Lewington (Healthy), Jiri Sekac (Bruised Right Arm Injury), Daniel Sprong (Healthy)
Tobias Lindberg (Healthy), Scott Glennie (Healthy), Charles Hudon (Healthy), Sergey Tolchinsky (Healthy), Dominic Turgeon (Healthy)
Jack Glover (Healthy), Ryan MacInnis (Healthy)
Condors
5 vs 5 Forward
Center Left Wing Right Wing Time % Phy DF OF
1 Tyler Bozak Alex Tuch Nail Yakupov 40 1 2 2
2 Frederik Gauthier Anton Slepyshev Kasperi Kapanen 30 1 2 2
3 Stephane Da Costa Christian Thomas Daniel Zaar 20 1 2 2
4 Mark Jankowski C.J Suess Adam Erne 10 1 2 2
5 vs 5 Defense
Defense Defense Time % Phy DF OF
1 Carl Gunnarsson Eric Gustafsson 40 1 2 2
2 Zac Leslie Chris Bigras 30 1 2 2
3 Brett Lernout Gustav Olofsson 20 1 2 2
4 Gustav Olofsson Emil Djuse 10 1 2 2
PowerPlay Forward
Center Left Wing Right Wing Time % Phy DF OF
1 Frederik Gauthier Alex Tuch Nail Yakupov 60 1 2 2
2 Tyler Bozak Anton Slepyshev Kasperi Kapanen 40 1 2 2
PowerPlay Defense
Defense Defense Time % Phy DF OF
1 Carl Gunnarsson Zac Leslie 60 1 2 2
2 Chris Bigras Eric Gustafsson 40 1 2 2
Penalty Kill 4 Players Forward
Center Wing Time % Phy DF OF
1 Frederik Gauthier Nail Yakupov 60 1 2 2
2 Mark Jankowski Daniel Zaar 40 1 2 2
Penalty Kill 4 Players Defense
Defense Defense Time % Phy DF OF
1 Brett Lernout Eric Gustafsson 60 1 2 2
2 Carl Gunnarsson Zac Leslie 40 1 2 2
Penalty Kill - 3 Players Forward
Forward Time % Phy DF OF
1 Tyler Bozak 60 1 2 2
2 Nail Yakupov 40 1 2 2
Penalty Kill - 3 Players Defense
Defense Defense Time % Phy DF OF
1 Carl Gunnarsson Eric Gustafsson 60 1 2 2
2 Zac Leslie Emil Djuse 40 1 2 2
4 vs 4 Forward
Center Wing Time % Phy DF OF
1 Tyler Bozak Nail Yakupov 60 1 2 2
2 Mark Jankowski Anton Slepyshev 40 1 2 2
4 vs 4 Defense
Defense Defense Time % Phy DF OF
1 Carl Gunnarsson Eric Gustafsson 60 1 2 2
2 Zac Leslie Brett Lernout 40 1 2 2
Last Minutes Offensive
Center Left Wing Right Wing Defense Defense
Tyler Bozak Anton Slepyshev Nail Yakupov Carl Gunnarsson Eric Gustafsson
Last Minutes Defensive
Center Left Wing Right Wing Defense Defense
Tyler Bozak Anton Slepyshev Nail Yakupov Carl Gunnarsson Eric Gustafsson
Goaltenders
Starting : Ilya Samsonov
Backup : Mark Visentin
Extra Forwards
Normal : Mark Jankowski, Alex Tuch, Tyler Bozak - PP : Mark Jankowski, Alex Tuch - PK : Tyler Bozak
Extra Defensemen
Normal : Brett Lernout, Emil Djuse, Gustav Olofsson - PP : Emil Djuse - PK : Brett Lernout, Gustav Olofsson
Penalty Shots
Daniel Zaar, Tyler Bozak, Kasperi Kapanen, Alex Tuch, Anton Slepyshev
Scratches
Louis Leblanc (Healthy), Erik Cernak (Healthy), Caleb Jones (Sprained Left Knee Injury), Nick Merkley (Healthy), Cole Cassels (Healthy)
Jordan Subban (Healthy), Jeremy Gregoire (Healthy), Connor Hurley (Healthy), Remi Elie (Healthy), Brett Ritchie (Healthy)
Anders Bjork (Healthy), Hunter Smith (Healthy), Jack Campbell (Healthy)
% Time on Ice - Rocket
Lines # - Real PCT - Wanted PCT - Time Play
Normal Forward
1 - 36% - 40% - 14:19
2 - 30% - 30% - 12:00
3 - 16% - 20% - 6:26
4 - 18% - 10% - 6:59
Normal Defense
1 - 39% - 40% - 15:24
2 - 35% - 30% - 13:54
3 - 25% - 20% - 9:46
4 - 2% - 10% - 0:40
PP Forward
1 - 58% - 60% - 6:00
2 - 42% - 40% - 4:21
PP Defense
1 - 60% - 60% - 6:14
2 - 40% - 40% - 4:07
PK Forward
1 - 80% - 60% - 7:49
2 - 20% - 40% - 1:54
PK Defense
1 - 65% - 60% - 6:21
2 - 35% - 40% - 3:22
PK3 Forward
1 - 0% - 60%
2 - 0% - 40%
PK3 Defense
1 - 0% - 60%
2 - 0% - 40%
44 Forward
1 - 100% - 60% - 0:12
2 - 0% - 40% - 0:00
44 Defense
1 - 100% - 60% - 0:12
2 - 0% - 40% - 0:00
Last Minute Offensive - 0:00
Last Minute Defensive - 0:00
Total
Forward - 60:00
Defense - 60:00
|
% Time on Ice - Condors
Lines # - Real PCT - Wanted PCT - Time Play
Normal Forward
1 - 32% - 40% - 12:41
2 - 28% - 30% - 11:02
3 - 26% - 20% - 10:23
4 - 14% - 10% - 5:38
Normal Defense
1 - 37% - 40% - 14:31
2 - 31% - 30% - 12:20
3 - 20% - 20% - 8:07
4 - 12% - 10% - 4:46
PP Forward
1 - 57% - 60% - 5:33
2 - 43% - 40% - 4:10
PP Defense
1 - 59% - 60% - 5:46
2 - 41% - 40% - 3:57
PK Forward
1 - 70% - 60% - 7:14
2 - 30% - 40% - 3:07
PK Defense
1 - 65% - 60% - 6:42
2 - 35% - 40% - 3:39
PK3 Forward
1 - 0% - 60%
2 - 0% - 40%
PK3 Defense
1 - 0% - 60%
2 - 0% - 40%
44 Forward
1 - 100% - 60% - 0:12
2 - 0% - 40% - 0:00
44 Defense
1 - 100% - 60% - 0:12
2 - 0% - 40% - 0:00
Last Minute Offensive - 0:00
Last Minute Defensive - 0:00
Total
Forward - 60:00
Defense - 60:00
|
Play-by-Play
1st period
0:01 of 1st period - Corey Trivino wins face-off versus Tyler Bozak in neutral zone.
0:22 of 1st period - Minor Penalty to Tyler Bozak for Hooking.
0:23 of 1st period - Corey Trivino wins face-off versus Frederik Gauthier in Condors zone.
0:32 of 1st period - Snap shot by Adrian Kempe.
0:32 of 1st period - Stopped by Ilya Samsonov without a rebound.
0:33 of 1st period - Danton Heinen wins face-off versus Frederik Gauthier in Condors zone.
0:42 of 1st period - Wrist shot by Adrian Kempe.
0:42 of 1st period - Shot Misses the Net.
1:00 of 1st period - Wrist shot by Adrian Kempe.
1:00 of 1st period - Stopped by Ilya Samsonov without a rebound.
1:01 of 1st period - Daniel Zaar wins face-off versus Peter Holland in Condors zone.
1:26 of 1st period - Corey Trivino is hit by Zac Leslie and loses puck.
2:22 of 1st period - Penalty to Tyler Bozak is over, Tyler Bozak is back on ice.
2:25 of 1st period - Snap shot by Mark Jankowski.
2:25 of 1st period - Shot Misses the Net.
2:35 of 1st period - Slapshot by Tom Wilson.
2:35 of 1st period - Shot Misses the Net.
2:39 of 1st period - Wrist shot by Tom Wilson.
2:39 of 1st period - Stopped by Ilya Samsonov with a rebound.
2:59 of 1st period - Frederik Gauthier is hit by Alex Petrovic and loses puck.
3:07 of 1st period - Icing by Eric Gustafsson.
3:08 of 1st period - Frederik Gauthier wins face-off versus Jonathan Matsumoto in Condors zone.
3:53 of 1st period - Wrist shot by Frederik Gauthier.
3:53 of 1st period - Shot Misses the Net.
4:01 of 1st period - Zac Leslie is hit by Andrei Mironov and loses puck.
4:18 of 1st period - Snap shot by Ty Rattie.
4:18 of 1st period - Shot Blocked by Alex Tuch.
4:20 of 1st period - Snap shot by Alex Petrovic.
4:20 of 1st period - Stopped by Ilya Samsonov without a rebound.
4:21 of 1st period - Corey Trivino wins face-off versus Mark Jankowski in Condors zone.
4:32 of 1st period - Slapshot by Mattias Tedenby.
4:32 of 1st period - Shot Misses the Net.
4:36 of 1st period - Wrist shot by Mattias Tedenby.
4:36 of 1st period - Shot Misses the Net.
4:53 of 1st period - Snap shot by Tom Wilson.
4:53 of 1st period - Stopped by Ilya Samsonov with a rebound.
4:55 of 1st period - Snap shot by Tom Wilson.
4:55 of 1st period - Shot Blocked by Emil Djuse.
5:53 of 1st period - Slapshot by Jonathan Matsumoto.
5:53 of 1st period - Deflect By Tom Wilson.
5:53 of 1st period - Stopped by Ilya Samsonov with a rebound.
6:38 of 1st period - Snap shot by Stephane Da Costa.
6:38 of 1st period - Stopped by Jean-Francois Berube without a rebound.
6:39 of 1st period - Tyler Bozak wins face-off versus Corey Trivino in Rocket zone.
6:53 of 1st period - Snap shot by Tyler Bozak.
6:53 of 1st period - Stopped by Jean-Francois Berube with a rebound.
7:15 of 1st period - Wrist shot by Daniel Zaar.
7:15 of 1st period - Stopped by Jean-Francois Berube without a rebound.
7:16 of 1st period - Tyler Bozak wins face-off versus Corey Trivino in Rocket zone.
7:17 of 1st period - Snap shot by Nail Yakupov.
7:17 of 1st period - Goal by Nail Yakupov - Rocket : 0 - Condors : 1.
7:18 of 1st period - Tyler Bozak wins face-off versus Corey Trivino in neutral zone.
7:31 of 1st period - Wrist shot by Adrian Kempe.
7:31 of 1st period - Shot Blocked by Brett Lernout.
7:33 of 1st period - Snap shot by Viktor Loov.
7:33 of 1st period - Deflect By Corey Trivino.
7:33 of 1st period - Shot Misses the Net.
7:33 of 1st period - Puck is out of play.
7:34 of 1st period - Frederik Gauthier wins face-off versus Nick Ritchie in Condors zone.
7:34 of 1st period - Frederik Gauthier is hit by Peter Holland.
7:48 of 1st period - Snap shot by Peter Holland.
7:48 of 1st period - Deflect By Nick Ritchie.
7:48 of 1st period - Goal by Nick Ritchie - Rocket : 1 - Condors : 1.
7:49 of 1st period - Tyler Bozak wins face-off versus Corey Trivino in neutral zone.
8:16 of 1st period - Brian Dumoulin is hit by Anton Slepyshev and loses puck.
8:35 of 1st period - Wrist shot by Nick Ritchie.
8:35 of 1st period - Shot Blocked by Brett Lernout.
8:55 of 1st period - Adrian Kempe is hit by Alex Tuch and loses puck.
9:22 of 1st period - Slapshot by Anthony Nigro.
9:22 of 1st period - Stopped by Ilya Samsonov with a rebound.
9:24 of 1st period - Snap shot by Ty Rattie.
9:24 of 1st period - Shot Misses the Net.
9:26 of 1st period - Slapshot by Dean Kukan.
9:26 of 1st period - Stopped by Ilya Samsonov with a rebound.
9:35 of 1st period - Off-side.
9:36 of 1st period - Jonathan Matsumoto wins face-off versus Frederik Gauthier in neutral zone.
9:49 of 1st period - Wrist shot by Frederik Gauthier.
9:49 of 1st period - Shot Blocked by Tom Wilson.
10:03 of 1st period - Adrian Kempe is hit by Zac Leslie and loses puck.
10:30 of 1st period - Snap shot by Nick Ritchie.
10:30 of 1st period - Stopped by Ilya Samsonov without a rebound.
10:31 of 1st period - Frederik Gauthier wins face-off versus Peter Holland in Condors zone.
10:40 of 1st period - Wrist shot by Kasperi Kapanen.
10:40 of 1st period - Shot Blocked by Dean Kukan.
10:42 of 1st period - Wrist shot by Frederik Gauthier.
10:42 of 1st period - Shot Blocked by Dean Kukan.
10:44 of 1st period - Wrist shot by Frederik Gauthier.
10:44 of 1st period - Goal by Frederik Gauthier - Rocket : 1 - Condors : 2.
10:45 of 1st period - Corey Trivino wins face-off versus Tyler Bozak in neutral zone.
10:50 of 1st period - Slapshot by Adrian Kempe.
10:50 of 1st period - Shot Misses the Net.
11:06 of 1st period - Minor Penalty to Tyler Bozak for Boarding.
11:07 of 1st period - Corey Trivino wins face-off versus Frederik Gauthier in Condors zone.
11:18 of 1st period - Snap shot by Danton Heinen.
11:18 of 1st period - Stopped by Ilya Samsonov without a rebound.
11:19 of 1st period - Corey Trivino wins face-off versus Frederik Gauthier in Condors zone.
11:30 of 1st period - Wrist shot by Adrian Kempe.
11:30 of 1st period - Shot Blocked by Frederik Gauthier.
13:06 of 1st period - Penalty to Tyler Bozak is over, Tyler Bozak is back on ice.
13:16 of 1st period - Stephane Da Costa is hit by Tyler Pitlick and loses puck.
13:44 of 1st period - Icing by Dean Kukan.
13:45 of 1st period - Jonathan Matsumoto wins face-off versus Anton Slepyshev in Rocket zone.
14:07 of 1st period - Wrist shot by Anthony Nigro.
14:07 of 1st period - Shot Blocked by Carl Gunnarsson.
14:29 of 1st period - Wrist shot by Corey Trivino.
14:29 of 1st period - Deflect By Mattias Tedenby.
14:29 of 1st period - Goal by Mattias Tedenby - Rocket : 2 - Condors : 2.
14:30 of 1st period - Corey Trivino wins face-off versus Tyler Bozak in neutral zone.
14:33 of 1st period - Tyler Bozak is hit by Adrian Kempe.
14:55 of 1st period - Adrian Kempe is hit by Daniel Zaar and loses puck.
15:08 of 1st period - Slapshot by Daniel Zaar.
15:08 of 1st period - Shot Misses the Net.
15:25 of 1st period - Minor Penalty to Kasperi Kapanen for Holding.
15:26 of 1st period - Frederik Gauthier wins face-off versus Peter Holland in Condors zone.
15:48 of 1st period - Wrist shot by Corey Trivino.
15:48 of 1st period - Deflect By Eric Gustafsson.
15:48 of 1st period - Stopped by Ilya Samsonov with a rebound.
17:25 of 1st period - Penalty to Kasperi Kapanen is over, Kasperi Kapanen is back on ice.
17:37 of 1st period - Snap shot by Daniel Zaar.
17:37 of 1st period - Shot Blocked by Jonathan Matsumoto.
17:39 of 1st period - Wrist shot by Daniel Zaar.
17:39 of 1st period - Stopped by Jean-Francois Berube without a rebound.
17:40 of 1st period - Stephane Da Costa wins face-off versus Jonathan Matsumoto in Rocket zone.
17:45 of 1st period - Snap shot by Daniel Zaar.
17:45 of 1st period - Stopped by Jean-Francois Berube with a rebound.
17:51 of 1st period - Brian Dumoulin is hit by Daniel Zaar and loses puck.
17:58 of 1st period - Gustav Olofsson is hit by Tyler Pitlick and loses puck.
18:09 of 1st period - Wrist shot by Adam Erne.
18:09 of 1st period - Deflect By Dean Kukan.
18:09 of 1st period - Stopped by Jean-Francois Berube with a rebound.
18:11 of 1st period - Slapshot by Mark Jankowski.
18:11 of 1st period - Shot Misses the Net.
19:35 of 1st period - Alex Petrovic is hit by Chris Bigras and loses puck.
19:54 of 1st period - Frederik Gauthier is hit by Brian Dumoulin and loses puck.
Goals for this period are 2 for Rocket vs 2 for Condors.
Shots for this period are 13 for Rocket vs 8 for Condors.
2nd period
0:01 of 2nd period - Tyler Bozak wins face-off versus Corey Trivino in neutral zone.
0:26 of 2nd period - Nick Ritchie is hit by Carl Gunnarsson and loses puck.
0:51 of 2nd period - Jonathan Matsumoto is hit by Brett Lernout and loses puck.
1:08 of 2nd period - Minor Penalty to Brett Lernout for Interference.
1:09 of 2nd period - Frederik Gauthier wins face-off versus Corey Trivino in Condors zone.
3:08 of 2nd period - Penalty to Brett Lernout is over, Brett Lernout is back on ice.
3:11 of 2nd period - Icing by Nick Ritchie.
3:12 of 2nd period - Stephane Da Costa wins face-off versus Peter Holland in Rocket zone.
3:13 of 2nd period - Wrist shot by Daniel Zaar.
3:13 of 2nd period - Shot Misses the Net.
3:25 of 2nd period - Snap shot by Daniel Zaar.
3:25 of 2nd period - Stopped by Jean-Francois Berube with a rebound.
3:47 of 2nd period - Viktor Loov is hit by Brett Lernout and loses puck.
4:34 of 2nd period - Icing by Chris Bigras.
4:35 of 2nd period - Frederik Gauthier wins face-off versus Anthony Nigro in Condors zone.
5:04 of 2nd period - Icing by Tyler Pitlick.
5:05 of 2nd period - Tom Wilson wins face-off versus Tyler Bozak in Rocket zone.
5:05 of 2nd period - Tom Wilson is hit by Alex Tuch.
5:11 of 2nd period - Slapshot by Alex Petrovic.
5:11 of 2nd period - Shot Blocked by Tyler Bozak.
5:18 of 2nd period - Penalty Shot by Eric Gustafsson for Condors.
5:18 of 2nd period - Wrist shot by Eric Gustafsson.
5:18 of 2nd period - Stopped by Jean-Francois Berube.
5:19 of 2nd period - Corey Trivino wins face-off versus Tyler Bozak in Condors zone.
5:19 of 2nd period - Wrist shot by Mattias Tedenby.
5:19 of 2nd period - Stopped by Ilya Samsonov without a rebound.
5:19 of 2nd period - Minor Penalty to Corey Trivino for Roughing.
5:20 of 2nd period - Frederik Gauthier wins face-off versus Tyler Pitlick in Rocket zone.
5:29 of 2nd period - Wrist shot by Alex Tuch.
5:29 of 2nd period - Stopped by Jean-Francois Berube without a rebound.
5:30 of 2nd period - Frederik Gauthier wins face-off versus Anthony Nigro in Rocket zone.
5:33 of 2nd period - Snap shot by Alex Tuch.
5:33 of 2nd period - Stopped by Jean-Francois Berube without a rebound.
5:34 of 2nd period - Frederik Gauthier wins face-off versus Anthony Nigro in Rocket zone.
5:45 of 2nd period - Wrist shot by Nail Yakupov.
5:45 of 2nd period - Shot Blocked by Dean Kukan.
5:47 of 2nd period - Slapshot by Frederik Gauthier.
5:47 of 2nd period - Stopped by Jean-Francois Berube with a rebound.
6:09 of 2nd period - Backhand shot by Eric Gustafsson.
6:09 of 2nd period - Stopped by Jean-Francois Berube with a rebound.
6:47 of 2nd period - Kasperi Kapanen is hit by Alex Petrovic and loses puck.
7:06 of 2nd period - Minor Penalty to Zac Leslie for Hooking.
7:07 of 2nd period - Mattias Tedenby wins face-off versus Tyler Bozak in Condors zone.
7:08 of 2nd period - Snap shot by Tyler Pitlick.
7:08 of 2nd period - Stopped by Ilya Samsonov without a rebound.
7:09 of 2nd period - Mattias Tedenby wins face-off versus Tyler Bozak in Condors zone.
7:10 of 2nd period - Wrist shot by Tyler Pitlick.
7:10 of 2nd period - Stopped by Ilya Samsonov without a rebound.
7:11 of 2nd period - Mattias Tedenby wins face-off versus Tyler Bozak in Condors zone.
7:12 of 2nd period - Snap shot by Tyler Pitlick.
7:12 of 2nd period - Shot Blocked by Carl Gunnarsson.
7:14 of 2nd period - Backhand shot by Alex Petrovic.
7:14 of 2nd period - Shot Misses the Net.
7:19 of 2nd period - Penalty to Corey Trivino is over, Corey Trivino is back on ice.
7:40 of 2nd period - Slapshot by Mattias Tedenby.
7:40 of 2nd period - Shot Blocked by Eric Gustafsson.
7:42 of 2nd period - Snap shot by Mattias Tedenby.
7:42 of 2nd period - Shot Misses the Net.
7:44 of 2nd period - Wrist shot by Corey Trivino.
7:44 of 2nd period - Goal by Corey Trivino - Rocket : 3 - Condors : 2.
7:45 of 2nd period - Tyler Bozak wins face-off versus Corey Trivino in neutral zone.
8:19 of 2nd period - Slapshot by Anton Slepyshev.
8:19 of 2nd period - Deflect By Frederik Gauthier.
8:19 of 2nd period - Stopped by Jean-Francois Berube with a rebound.
8:59 of 2nd period - Wrist shot by Mark Jankowski.
8:59 of 2nd period - Stopped by Jean-Francois Berube with a rebound.
9:47 of 2nd period - Snap shot by Mattias Tedenby.
9:47 of 2nd period - Stopped by Ilya Samsonov with a rebound.
9:49 of 2nd period - Snap shot by Adrian Kempe.
9:49 of 2nd period - Shot Blocked by Kasperi Kapanen.
9:51 of 2nd period - Snap shot by Adrian Kempe.
9:51 of 2nd period - Shot Misses the Net.
9:57 of 2nd period - Slapshot by Adrian Kempe.
9:57 of 2nd period - Shot Misses the Net.
9:59 of 2nd period - Wrist shot by Adrian Kempe.
9:59 of 2nd period - Stopped by Ilya Samsonov without a rebound.
10:00 of 2nd period - Tyler Bozak wins face-off versus Peter Holland in Condors zone.
10:25 of 2nd period - Tom Wilson is hit by Stephane Da Costa and loses puck.
10:32 of 2nd period - Snap shot by Daniel Zaar.
10:32 of 2nd period - Shot Blocked by Viktor Loov.
10:51 of 2nd period - Alex Petrovic is hit by Kasperi Kapanen.
10:55 of 2nd period - Wrist shot by Kasperi Kapanen.
10:55 of 2nd period - Shot Blocked by Alex Petrovic.
11:24 of 2nd period - Brett Lernout is hit by Tom Wilson and loses puck.
12:13 of 2nd period - Snap shot by Anthony Nigro.
12:13 of 2nd period - Stopped by Ilya Samsonov with a rebound.
12:37 of 2nd period - Snap shot by Peter Holland.
12:37 of 2nd period - Shot Misses the Net.
12:39 of 2nd period - Snap shot by Nick Ritchie.
12:39 of 2nd period - Shot Blocked by Mark Jankowski.
12:41 of 2nd period - Wrist shot by Danton Heinen.
12:41 of 2nd period - Stopped by Ilya Samsonov without a rebound.
12:42 of 2nd period - Corey Trivino wins face-off versus Tyler Bozak in Condors zone.
12:43 of 2nd period - Wrist shot by Adrian Kempe.
12:43 of 2nd period - Stopped by Ilya Samsonov with a rebound.
13:04 of 2nd period - Icing by Mattias Tedenby.
13:05 of 2nd period - Frederik Gauthier wins face-off versus Corey Trivino in Rocket zone.
13:18 of 2nd period - Wrist shot by Frederik Gauthier.
13:18 of 2nd period - Stopped by Jean-Francois Berube without a rebound.
13:19 of 2nd period - Jonathan Matsumoto wins face-off versus Tyler Bozak in Rocket zone.
13:26 of 2nd period - Snap shot by Jonathan Matsumoto.
13:26 of 2nd period - Stopped by Ilya Samsonov without a rebound.
13:27 of 2nd period - Tyler Bozak wins face-off versus Jonathan Matsumoto in Condors zone.
13:34 of 2nd period - Snap shot by Tyler Bozak.
13:34 of 2nd period - Shot Misses the Net.
13:36 of 2nd period - Wrist shot by Alex Tuch.
13:36 of 2nd period - Shot Misses the Net.
13:38 of 2nd period - Snap shot by Nail Yakupov.
13:38 of 2nd period - Stopped by Jean-Francois Berube with a rebound.
13:56 of 2nd period - Snap shot by Stephane Da Costa.
13:56 of 2nd period - Shot Hit the Post.
14:04 of 2nd period - Snap shot by Tom Wilson.
14:04 of 2nd period - Shot Misses the Net.
14:48 of 2nd period - Alex Tuch is hit by Peter Holland and loses puck.
15:03 of 2nd period - Mark Jankowski is hit by Anthony Nigro and loses puck.
15:33 of 2nd period - Off-side.
15:34 of 2nd period - Peter Holland wins face-off versus Frederik Gauthier in neutral zone.
15:59 of 2nd period - Snap shot by Daniel Zaar.
15:59 of 2nd period - Shot Blocked by Nick Ritchie.
16:01 of 2nd period - Wrist shot by Christian Thomas.
16:01 of 2nd period - Stopped by Jean-Francois Berube with a rebound.
16:03 of 2nd period - Slapshot by Stephane Da Costa.
16:03 of 2nd period - Shot Blocked by Viktor Loov.
16:05 of 2nd period - Snap shot by Daniel Zaar.
16:05 of 2nd period - Deflect By Stephane Da Costa.
16:05 of 2nd period - Shot Hit the Post.
16:05 of 2nd period - Puck is out of play.
16:06 of 2nd period - Corey Trivino wins face-off versus Stephane Da Costa in Rocket zone.
16:06 of 2nd period - Corey Trivino is hit by Daniel Zaar.
16:14 of 2nd period - Slapshot by Brian Dumoulin.
16:14 of 2nd period - Shot Misses the Net.
16:16 of 2nd period - Slapshot by Alex Petrovic.
16:16 of 2nd period - Stopped by Ilya Samsonov with a rebound.
17:02 of 2nd period - Snap shot by Jakub Vrana.
17:02 of 2nd period - Goal by Jakub Vrana - Rocket : 4 - Condors : 2.
17:03 of 2nd period - Tyler Bozak wins face-off versus Corey Trivino in neutral zone.
17:13 of 2nd period - Slapshot by Alex Tuch.
17:13 of 2nd period - Shot Misses the Net.
17:15 of 2nd period - Snap shot by Tyler Bozak.
17:15 of 2nd period - Stopped by Jean-Francois Berube with a rebound.
17:19 of 2nd period - Slapshot by Alex Tuch.
17:19 of 2nd period - Deflect By Corey Trivino.
17:19 of 2nd period - Stopped by Jean-Francois Berube without a rebound.
17:20 of 2nd period - Frederik Gauthier wins face-off versus Jonathan Matsumoto in Rocket zone.
17:31 of 2nd period - Slapshot by Eric Gustafsson.
17:31 of 2nd period - Stopped by Jean-Francois Berube with a rebound.
17:33 of 2nd period - Snap shot by Frederik Gauthier.
17:33 of 2nd period - Shot Blocked by Jonathan Matsumoto.
17:35 of 2nd period - Wrist shot by Frederik Gauthier.
17:35 of 2nd period - Shot Blocked by Alex Petrovic.
17:45 of 2nd period - Brian Dumoulin is hit by Tyler Bozak and loses puck.
17:54 of 2nd period - Wrist shot by Adrian Kempe.
17:54 of 2nd period - Deflect By Nail Yakupov.
17:54 of 2nd period - Stopped by Ilya Samsonov without a rebound.
17:55 of 2nd period - Frederik Gauthier wins face-off versus Corey Trivino in Condors zone.
18:24 of 2nd period - Icing by Tyler Pitlick.
18:25 of 2nd period - Tyler Bozak wins face-off versus Jonathan Matsumoto in Rocket zone.
18:44 of 2nd period - Snap shot by Jonathan Matsumoto.
18:44 of 2nd period - Shot Misses the Net.
18:46 of 2nd period - Slapshot by Jonathan Matsumoto.
18:46 of 2nd period - Goal by Jonathan Matsumoto - Rocket : 5 - Condors : 2.
18:47 of 2nd period - Tyler Bozak wins face-off versus Corey Trivino in neutral zone.
19:16 of 2nd period - Off-side.
19:17 of 2nd period - Peter Holland wins face-off versus Anton Slepyshev in neutral zone.
19:51 of 2nd period - Minor Penalty to Dean Kukan for Interference.
19:52 of 2nd period - Anthony Nigro wins face-off versus Frederik Gauthier in Rocket zone.
Goals for this period are 3 for Rocket vs 0 for Condors.
Shots for this period are 14 for Rocket vs 13 for Condors.
3rd period
0:01 of 3rd period - Frederik Gauthier wins face-off versus Anthony Nigro in neutral zone.
1:51 of 3rd period - Penalty to Dean Kukan is over, Dean Kukan is back on ice.
2:25 of 3rd period - Stephane Da Costa is hit by Corey Trivino and loses puck.
3:12 of 3rd period - Frederik Gauthier is hit by Adrian Kempe and loses puck.
4:14 of 3rd period - Jonathan Matsumoto is hit by Carl Gunnarsson and loses puck.
4:19 of 3rd period - Slapshot by Stephane Da Costa.
4:19 of 3rd period - Deflect By Tom Wilson.
4:19 of 3rd period - Stopped by Jean-Francois Berube with a rebound.
4:26 of 3rd period - Minor Penalty to Tom Wilson for Tripping.
4:27 of 3rd period - Anthony Nigro wins face-off versus Frederik Gauthier in Rocket zone.
4:38 of 3rd period - Anthony Nigro is hit by Alex Tuch and loses puck.
4:53 of 3rd period - Tyler Pitlick is hit by Carl Gunnarsson and loses puck.
6:10 of 3rd period - Brian Dumoulin is hit by Carl Gunnarsson and loses puck.
6:26 of 3rd period - Penalty to Tom Wilson is over, Tom Wilson is back on ice.
6:48 of 3rd period - Icing by Gustav Olofsson.
6:49 of 3rd period - Stephane Da Costa wins face-off versus Corey Trivino in Condors zone.
6:49 of 3rd period - Stephane Da Costa is hit by Corey Trivino.
6:52 of 3rd period - Minor Penalty to Andrey Pedan for Interference.
6:53 of 3rd period - Anthony Nigro wins face-off versus Frederik Gauthier in Rocket zone.
7:43 of 3rd period - Eric Gustafsson is hit by Alex Petrovic.
7:53 of 3rd period - Anthony Nigro is hit by Frederik Gauthier.
8:52 of 3rd period - Penalty to Andrey Pedan is over, Andrey Pedan is back on ice.
9:04 of 3rd period - Snap shot by Peter Holland.
9:04 of 3rd period - Stopped by Ilya Samsonov without a rebound.
9:05 of 3rd period - Corey Trivino wins face-off versus Stephane Da Costa in Condors zone.
9:14 of 3rd period - Wrist shot by Mattias Tedenby.
9:14 of 3rd period - Deflect By Adrian Kempe.
9:14 of 3rd period - Stopped by Ilya Samsonov without a rebound.
9:15 of 3rd period - Corey Trivino wins face-off versus Stephane Da Costa in Condors zone.
9:30 of 3rd period - Slapshot by Daniel Zaar.
9:30 of 3rd period - Shot Misses the Net.
9:40 of 3rd period - Wrist shot by Adrian Kempe.
9:40 of 3rd period - Stopped by Ilya Samsonov with a rebound.
9:46 of 3rd period - Snap shot by Mattias Tedenby.
9:46 of 3rd period - Goal by Mattias Tedenby - Rocket : 6 - Condors : 2.
9:47 of 3rd period - Tyler Bozak wins face-off versus Corey Trivino in neutral zone.
9:50 of 3rd period - Slapshot by Carl Gunnarsson.
9:50 of 3rd period - Stopped by Jean-Francois Berube without a rebound.
9:51 of 3rd period - Corey Trivino wins face-off versus Tyler Bozak in Rocket zone.
9:56 of 3rd period - Slapshot by Brian Dumoulin.
9:56 of 3rd period - Shot Misses the Net.
10:06 of 3rd period - Slapshot by Eric Gustafsson.
10:06 of 3rd period - Stopped by Jean-Francois Berube without a rebound.
10:07 of 3rd period - Frederik Gauthier wins face-off versus Jonathan Matsumoto in Rocket zone.
10:08 of 3rd period - Wrist shot by Anton Slepyshev.
10:08 of 3rd period - Stopped by Jean-Francois Berube with a rebound.
10:10 of 3rd period - Minor Penalty to Tyler Pitlick for Hooking.
10:11 of 3rd period - Frederik Gauthier wins face-off versus Anthony Nigro in Rocket zone.
10:16 of 3rd period - Wrist shot by Alex Tuch.
10:16 of 3rd period - Stopped by Jean-Francois Berube with a rebound.
10:18 of 3rd period - Slapshot by Zac Leslie.
10:18 of 3rd period - Deflect By Brian Dumoulin.
10:18 of 3rd period - Stopped by Jean-Francois Berube with a rebound.
10:20 of 3rd period - Backhand shot by Frederik Gauthier.
10:20 of 3rd period - Shot Blocked by Brian Dumoulin.
10:22 of 3rd period - Snap shot by Alex Tuch.
10:22 of 3rd period - Shot Misses the Net.
10:38 of 3rd period - Tyler Bozak is hit by Anthony Nigro and loses puck.
10:47 of 3rd period - Nick Ritchie is hit by Kasperi Kapanen.
11:01 of 3rd period - Slapshot by Chris Bigras.
11:01 of 3rd period - Shot Misses the Net.
12:10 of 3rd period - Penalty to Tyler Pitlick is over, Tyler Pitlick is back on ice.
14:08 of 3rd period - Snap shot by Adrian Kempe.
14:08 of 3rd period - Stopped by Ilya Samsonov with a rebound.
14:10 of 3rd period - Slapshot by Andrey Pedan.
14:10 of 3rd period - Shot Misses the Net.
14:30 of 3rd period - Anton Slepyshev is hit by Alex Petrovic and loses puck.
14:49 of 3rd period - Wrist shot by Daniel Zaar.
14:49 of 3rd period - Shot Misses the Net.
15:17 of 3rd period - Wrist shot by Danton Heinen.
15:17 of 3rd period - Shot Misses the Net.
15:19 of 3rd period - Wrist shot by Nick Ritchie.
15:19 of 3rd period - Shot Blocked by Chris Bigras.
15:21 of 3rd period - Wrist shot by Alex Petrovic.
15:21 of 3rd period - Stopped by Ilya Samsonov with a rebound.
15:41 of 3rd period - Slapshot by Stephane Da Costa.
15:41 of 3rd period - Shot Misses the Net.
15:53 of 3rd period - Jonathan Matsumoto is hit by Nail Yakupov.
15:54 of 3rd period - Icing by Jonathan Matsumoto.
15:55 of 3rd period - Jonathan Matsumoto wins face-off versus Tyler Bozak in Rocket zone.
16:00 of 3rd period - Wrist shot by Tom Wilson.
16:00 of 3rd period - Stopped by Ilya Samsonov with a rebound.
16:24 of 3rd period - Slapshot by Eric Gustafsson.
16:24 of 3rd period - Deflect By Kasperi Kapanen.
16:24 of 3rd period - Stopped by Jean-Francois Berube with a rebound.
16:30 of 3rd period - Wrist shot by Frederik Gauthier.
16:30 of 3rd period - Stopped by Jean-Francois Berube without a rebound.
16:31 of 3rd period - Tyler Bozak wins face-off versus Peter Holland in Rocket zone.
16:41 of 3rd period - Minor Penalty to Brett Lernout for Unsportsmanlike conduct.
16:42 of 3rd period - Frederik Gauthier wins face-off versus Corey Trivino in Condors zone.
17:57 of 3rd period - Peter Holland is hit by Eric Gustafsson and loses puck.
18:41 of 3rd period - Penalty to Brett Lernout is over, Brett Lernout is back on ice.
18:46 of 3rd period - Brett Lernout is hit by Ty Rattie.
19:02 of 3rd period - Wrist shot by Brett Lernout.
19:02 of 3rd period - Shot Blocked by Anthony Nigro.
19:45 of 3rd period - Off-side.
19:46 of 3rd period - Anthony Nigro wins face-off versus Stephane Da Costa in neutral zone.
19:51 of 3rd period - Slapshot by Dean Kukan.
19:51 of 3rd period - Stopped by Ilya Samsonov without a rebound.
19:52 of 3rd period - Tyler Bozak wins face-off versus Anthony Nigro in Condors zone.
19:57 of 3rd period - Wrist shot by Tyler Bozak.
19:57 of 3rd period - Shot Blocked by Dean Kukan.
19:59 of 3rd period - Slapshot by Tyler Bozak.
19:59 of 3rd period - Stopped by Jean-Francois Berube with a rebound.
Goals for this period are 1 for Rocket vs 0 for Condors.
Shots for this period are 8 for Rocket vs 9 for Condors.
Output by the SimonT Hockey Simulator (STHS) for Francois Prevost